 Dungeon Crawl Stone Soup version 0.28.0-49-g6dfe1f597d (webtiles) character file.

Game seed: 506150579009351668

153 Atelerd the Sneak (level 5, -4/31 HPs)
             Began as an Octopode Earth Elementalist on May 13, 2022.
             Slain by Terence
             ... wielding a +0 mace
              (8 damage)
             ... on level 3 of the Dungeon.
             The game lasted 00:02:59 (2949 turns).

Atelerd the Sneak (Octopode Earth Elementalist)     Turns: 2949, Time: 00:03:01

Health: -4/31      AC:  1    Str:  7    XL:     5   Next: 35%
Magic:  6/9        EV: 10    Int: 20    God:
Gold:   114        SH:  0    Dex: 12    Spells: 4/9 levels left

rFire   . . .      SeeInvis +   a - +0 dagger
rCold   . . .      Faith    .   (no shield)
rNeg    . . .      Spirit   .   (helmet restricted)
rPois   .          Reflect  .   (no amulet)
rElec   .          Harm     .   l - ring of see invisible
rCorr   .          Rampage  .   (no ring)
Will    .....                   (no ring)
Stlth   ++++......              (no ring)
HPRegen 0.10/turn               (no ring)
MPRegen 0.11/turn               (no ring)
                                (no ring)
                                (no ring)

@: constricted
A: almost no armour, amphibious, 8 rings, camouflage 1, gelatinous body 1,
(nimble swimmer 1), tentacles
a: no special abilities


You were on level 3 of the Dungeon.
You visited 1 branch of the dungeon, and saw 3 of its levels.

You collected 114 gold pieces.

Inventory:

Hand Weapons
 a - a +0 dagger (weapon)
Missiles
 b - 74 stones
Jewellery
 l - a ring of see invisible (left tentacle)
Wands
 m - a wand of digging (2)
Scrolls
 c - a scroll of blinking {unknown}
 f - 2 scrolls of identify
 g - a scroll of teleportation {unknown}
 h - a scroll of torment
 i - a scroll of amnesia {unknown}
 k - a scroll of fear {unknown}
Potions
 d - a potion of might {unknown}
 j - a potion of magic {unknown}


   Skills:
 - Level 2.0 Dodging
 + Level 4.4 Stealth
 + Level 2.9 Spellcasting
 + Level 2.5 Transmutations
 + Level 3.8 Earth Magic


You had 4 spell levels left.
You knew the following spells:

 Your Spells              Type           Power      Damage    Failure   Level
a - Sandblast             Erth           36%        2d10      3%          1
p - Petrify               Tmut/Erth      15%        N/A       36%         4

Your spell library contained the following spells:

 Spells                   Type           Power      Damage    Failure   Level
 Passwall                 Tmut/Erth      12%        N/A       6%          2
 Stone Arrow              Conj/Erth      20%        3d8       19%         3
 Dazzling Flash           Conj/Hex       4%         N/A       41%         3
 Iskenderun's Mystic Bla  Conj/Tloc      2%         2d3       82%         4
 Starburst                Conj/Fire      1%         6d3       100%        6


Dungeon Overview and Level Annotations

Branches:
Dungeon (3/15)

Altars:

Annotations:
D:3 Terence


Innate Abilities, Weirdness & Mutations

You cannot wear most types of armour.
You are amphibious.
You can wear up to eight rings at the same time.
Your skin changes colour to match your surroundings (Stealth+).
Your rubbery body absorbs attacks. (AC +1, EV +1)
((You are camouflaged when in or above water. (Stealth+)))
You have tentacles for arms and can constrict up to eight enemies at once.


Message History

You are very lightly contaminated with residual magic.
You are caught in an explosion of flying shrapnel.
Terence misses you.
A ball python comes into view.
Found a flail.
Found a stone staircase leading up.
An orc comes into view. It is wielding a +0 mace.
Terence says, "Did you write a will?
You should..."
An orc wizard comes into view. It is wielding a +0 dagger.
The orc shouts!
You hear a shout!
You hear an angry hiss.
The orc closely misses you.
An orc wizard comes into view. It is wielding a +0 dagger.
As you read the scroll labelled QIUGIS UQUDAOCLIU, it crumbles to dust.
It is a scroll of identify.
h - a scroll of torment Terence closely misses you.
Okay, then.
The orc wizard gestures at you while chanting.
The magic dart hits you!
* * * LOW HITPOINT WARNING * * *
It was a potion of heal wounds.
You feel much better. The orc completely misses you.
The orc wizard points at you and mumbles some strange words.
You resist with some effort. Terence hits you with a +0 mace!
The orc wizard hits you with a +0 dagger.
You barely miss Terence. Your grab misses Terence.
Terence is lightly wounded.
Terence completely misses you. The orc wizard misses you.
The orc closely misses you. Terence looks scornfully at you.
Terence hits you with a +0 mace. The ball python misses you.
The ball python grabs you. The ball python constricts you.
Your magical contamination has completely faded away.
You closely miss the ball python. You grab the ball python.
You constrict the ball python. The orc hits you with a +0 mace!
* * * LOW HITPOINT WARNING * * *
The orc wizard closely misses you.
The orc wizard hits you with a +0 dagger.
* * * LOW HITPOINT WARNING * * *
Terence hits you with a +0 mace!
You die...

##### #######
#..o##### ##....#
#.@o....# ##....#
####S@o.##.# ##....#
#S##....#
##....######.##....#
...........#.##...)#
##########.........#
# ##.######## ..
........ ###
####.##.#####


You could see Terence, 2 orc wizards, an orc and a ball python.

Vanquished Creatures
  Jessica (D:3)
  Ijyb (D:3)
  2 adders (D:2)
  3 gnolls (D:2)
  A worm (D:2)
  4 ball pythons (D:1)
  5 endoplasms
  6 giant cockroaches
  4 goblins
  3 hobgoblins
  5 quokkas
  2 bats (D:1)
  3 frilled lizards
  7 kobolds
  5 rats
52 creatures vanquished.

Notes
Turn   | Place    | Note
-------+----------+-------------------------------------------
     0 | D:1      | Atelerd the Octopode Earth Elementalist began the quest for
                  | the Orb.
     0 | D:1      | Reached XP level 1. HP: 11/11 MP: 3/3
   168 | D:1      | Reached skill level 3 in Stealth
   168 | D:1      | Reached XP level 2. HP: 12/17 MP: 5/5
   620 | D:1      | Reached XP level 3. HP: 21/21 MP: 6/6
  1839 | D:2      | Found a faded altar of an unknown god.
  1975 | D:2      | Reached XP level 4. HP: 13/27 MP: 5/7
  2174 | D:2      | Reached skill level 4 in Stealth
  2363 | D:2      | Learned a level 4 spell: Petrify
  2619 | D:3      | Noticed Ijyb
  2630 | D:3      | Killed Ijyb
  2631 | D:3      | Reached XP level 5. HP: 31/31 MP: 5/9
  2678 | D:3      | Noticed Jessica
  2687 | D:3      | Killed Jessica
  2826 | D:3      | Noticed Terence
  2949 | D:3      | Slain by Terence

Illustrated notes

Levels and vault maps discovered:
D:1:      scummos_arrival_simple_crosswalls, layout_loops_ring
D:2:      layout_loops_ring, chequers_ecumenical_altar_lobes, glass_columns_a,
          dk_noncrumbling_3, minmay_split_cup_small
D:3:      layout_basic, uniq_jessica, uniq_terence, uniq_ijyb

Skill      XL: |  1  2  3  4 |
---------------+-------------+-----
Stealth        | 3 4 |  4.4
Transmutations | 2 |  2.5
Dodging        | |  2.0
Spellcasting   | |  2.9
Earth Magic    | |  3.8

Action                   |  1- 3 |  4- 6 || total
-------------------------+-------+-------++-------
Melee: Dagger            |    66 |    16 ||    82
       Constrict         |    17 |     5 ||    22
       Tentacles         |    15 |     2 ||    17
       Unarmed           |     1 |       ||     1
       Punch             |     2 |       ||     2
 Cast: Sandblast         |    16 |    19 ||    35
       Petrify           |       |     1 ||     1
  Use: Scroll            |       |     1 ||     1
       Potion            |       |     1 ||     1
 Stab: Sleeping          |    12 |     1 ||    13
       Petrified         |       |     6 ||     6
Armor: Skin              |     5 |     2 ||     7
Dodge: Dodged            |    36 |    23 ||    59
